General information
- name: BNet
- type: Ladder 1vs1/FFA
- host: Battle.net
- saver: CustosAnticum
map: EchoIsles
- players: 2
- length: 24:02
- speed: Fast
- version: 1.23 W3XP
- replay type: Public
» download(85 KB)
Players
team 1 (winner)
CustosAnticum (
green | 131 APM | 3160 actions | 24:02)
6 Dark Ranger
3 Black Arrow
2 Silence
1 Charm
5 Pandaren Brewmaster
3 Breath of Fire
2 Drunken Haze
» actions
| Assign group hotkey | 114 | |
| Basic commands | 20 | |
| Build / train | 83 | |
| Enter build submenu | 22 | |
| Enter hero's abilities submenu | 12 | |
| Give item / drop item | 4 | |
| Right click | 1697 | |
| Select / deselect | 559 | |
| Select group hotkey | 591 | |
| Use ability | 58 | |
3160 total
» units
| Wisp | 27 | |
| Archer | 9 | |
| Hippogryph | 8 | |
| Chimaera | 13 | |
57 total
» upgrades
| Ultravision | 1 | |
| Strength of the Wild | 3 | |
| Corrosive Breath | 1 | |
| Reinforced Hides | 3 | |
8 total
» buildings
| Moon Well | 8 | |
| Altar of Elders | 2 | |
| Ancient of War | 1 | |
| Tree of Ages | 1 | |
| Hunter's Hall | 1 | |
| Ancient of Wind | 1 | |
| Tree of Eternity | 1 | |
| Tree of Life | 2 | |
| Chimaera Roost | 3 | |
| Ancient of Wonders | 1 | |
| Necropolis | 1 | |
22 total
» build order
00:04 Moon Well
00:13 Altar of Elders
00:30 Ancient of War
00:39 Altar of Elders
01:17 Moon Well
01:19 Moon Well
03:28 Moon Well
03:31 Tree of Ages
04:28 Hunter's Hall
05:25 Moon Well
06:02 Ancient of Wind
07:01 Tree of Eternity
08:55 Moon Well
09:00 Tree of Life
09:27 Tree of Life
09:44 Chimaera Roost
09:46 Chimaera Roost
11:11 Moon Well
14:54 Ancient of Wonders
19:40 Chimaera Roost
21:21 Moon Well
21:56 Necropolis
» items
| Potion of Invisibility | 1 | |
| Staff of Teleportation | 1 | |
| Staff of Preservation | 1 | |
3 total
team 2 (loser)
kael-ul (
yellow | 40 APM | 967 actions | 23:59)
4 Beastmaster
2 Summon Bear
2 Summon Quilbeast
» actions
| Assign group hotkey | 7 | |
| Basic commands | 83 | |
| Build / train | 61 | |
| Enter build submenu | 25 | |
| Enter hero's abilities submenu | 4 | |
| Remove unit from queue | 4 | |
| Right click | 243 | |
| Select / deselect | 480 | |
| Select group hotkey | 6 | |
| Use ability | 54 | |
967 total
» units
| Acolyte | 7 | |
| Ghoul | 10 | |
| Crypt Fiend | 8 | |
| Necromancer | 4 | |
| Obsidian Statue | 2 | |
| Meatwagon | 1 | |
32 total
» upgrades
| Creature Carapace | 1 | |
| Creature Attack | 1 | |
| Unholy Strength | 1 | |
| Web | 1 | |
| Unholy Armor | 1 | |
| Necromancer Training | 1 | |
| Skeletal Longevity | 1 | |
| Exhume Corpses | 1 | |
| Skeletal Mastery | 1 | |
9 total
» buildings
| Crypt | 2 | |
| Ziggurat | 11 | |
| Graveyard | 3 | |
| Altar of Darkness | 1 | |
| Tomb of Relics | 1 | |
| Nerubian Tower | 3 | |
| Halls of the Dead | 1 | |
| Spirit Tower | 4 | |
| Temple of the Damned | 1 | |
| Slaughterhouse | 1 | |
| Black Citadel | 1 | |
| Necropolis | 2 | |
31 total
» build order
00:18 Crypt
00:28 Ziggurat
00:43 Graveyard
00:58 Altar of Darkness
01:16 Tomb of Relics
02:26 Ziggurat
02:57 Ziggurat
02:58 Nerubian Tower
04:41 Halls of the Dead
04:48 Spirit Tower
06:08 Ziggurat
06:29 Ziggurat
07:22 Spirit Tower
07:25 Ziggurat
07:40 Ziggurat
09:22 Nerubian Tower
09:42 Graveyard
10:39 Temple of the Damned
11:05 Ziggurat
11:53 Slaughterhouse
11:59 Ziggurat
13:02 Nerubian Tower
13:08 Graveyard
14:07 Black Citadel
15:35 Spirit Tower
16:51 Necropolis
17:26 Ziggurat
20:01 Crypt
21:17 Necropolis
22:14 Ziggurat
23:17 Spirit Tower
» items
| Rod of Necromancy | 1 | |
| Sacrificial Skull | 1 | |
2 total
Chat log
(00:06 / All) kael-ul: gl
(00:08 / All) CustosAnticum: gl hf
(02:26 / All) CustosAnticum: whoa
(02:37 / All) CustosAnticum: UD tavern hero?
(02:43 / All) CustosAnticum: haven't seen that before
(19:38 / All) kael-ul: you sure got alot of money fast
(19:46 / All) CustosAnticum: yeah that's what expos do
(19:55 / All) kael-ul: even so
(22:55 / All) CustosAnticum: how the hell did you get to level 25
(23:03 / All) kael-ul: whatever